 Dungeon Crawl Stone Soup version 0.28.0-43-g3370ac3207 (webtiles) character file.

Game seed: 11288090092690921594

421 NinjaNoafa the Sneak (level 7, -1/42 HPs)
             Began as a Kobold Brigand on Apr 1, 2022.
             Was an Initiate of Yredelemnul.
             Splashed by a jelly's acid (10 damage)
             ... on level 5 of the Dungeon.
             The game lasted 00:11:31 (3337 turns).

NinjaNoafa the Sneak (Kobold Brigand)               Turns: 3337, Time: 00:11:35

Health: -1/42      AC: -1    Str:  8    XL:     7   Next: 16%
Magic:  7/7        EV: 17    Int: 13    God:    Yredelemnul [......]
Gold:   111        SH:  0    Dex: 18    Spells: 6/6 levels left

rFire   + . .      SeeInvis .   s - +1 dagger (venom)
rCold   + . .      Faith    .   (no shield)
rNeg    . . .      Spirit   .   j - +2 robe {rC+ rF+}
rPois   .          Reflect  .   (no helmet)
rElec   .          Harm     .   c - +0 cloak
rCorr   .          Rampage  .   n - +1 Delatra's gloves {ID++}
Will    .....                   (no boots)
Stlth   +++++.....              i - amulet of regeneration
HPRegen 0.94/turn               (no ring)
MPRegen 0.10/turn               (no ring)

@: lethally poisoned (-1 -> -2), corroded
A: small, no large weapons, nightstalker 3
a: Renounce Religion, Recall Undead Harvest


You were on level 5 of the Dungeon.
You worshipped Yredelemnul.
Yredelemnul was noncommittal.
You visited 1 branch of the dungeon, and saw 5 of its levels.

You collected 111 gold pieces.

Inventory:

Hand Weapons
 a - a +2 dagger
 e - a +1 flail of protection
 s - a +1 dagger of venom (weapon)
Missiles
 d - 19 poisoned darts
 g - a curare-tipped dart (quivered)
 k - 52 stones
Armour
 b - a +0 robe
 c - a +0 cloak (worn)
 j - a +2 robe of resistance (worn)
 n - the +1 Delatra's gloves (worn) {ID++}
   (You found it on level 2 of the Dungeon)

   It heals its wearer when they drink unknown potions.
   It restores its wearer's MP when they read unknown scrolls.
Jewellery
 i - an amulet of regeneration (around neck)
Wands
 r - a wand of polymorph (7)
Scrolls
 f - a scroll of immolation
 l - a scroll of fog {unknown}
 m - 2 scrolls of teleportation {unknown}
 p - a scroll of fear {unknown}
Potions
 o - a potion of berserk rage
 q - a potion of curing
 t - a potion of might {unknown}


   Skills:
 + Level 3.7 Fighting
 + Level 4.4 Short Blades
 + Level 3.6 Throwing
 * Level 4.7 Dodging
 + Level 6.8 Stealth


You had 6 spell levels left.
You didn't know any spells.
Your spell library contained the following spells:

 Spells                   Type           Power      Damage    Failure   Level
 Frozen Ramparts          Ice            0%         1d2       67%         3
 Ozocubu's Armour         Ice            0%         N/A       67%         3
 Ice Form                 Ice/Tmut       0%         N/A       97%         4
 Summon Ice Beast         Ice/Summ       0%         N/A       97%         4
 Ozocubu's Refrigeration  Ice            0%         4d5       100%        7


Dungeon Overview and Level Annotations

Branches:
Dungeon (6/15)
 Temple: D:4-7

Altars:
Yredelemnul


Innate Abilities, Weirdness & Mutations

You are small and have problems with some larger weapons.
You are completely attuned to the shadows.


Message History

Edmund hits you with a +1 flail of protection!
The scorpion closely misses you.
You hit Edmund but do no damage.
Edmund looks as sick as possible!
Edmund is almost dead.
The jelly misses you. The scorpion misses you.
You hit Edmund but do no damage.
Edmund looks as sick as possible!
Edmund is almost dead.
Edmund closely misses you. The jelly hits you but does no damage.
The scorpion closely misses you.
You hit Edmund but do no damage.
Edmund looks as sick as possible!
Edmund is almost dead.
You closely miss Edmund.
Edmund is almost dead.
You kill Edmund!
The scorpion stings you! The jelly barely misses you.
You have reached level 7!
The jelly barely misses you. The scorpion completely misses you.
Things that are here:
a +1 flail of protection; a +0 leather armour; a curare-tipped dart
e - a +1 flail of protection;
g - a curare-tipped dart The jelly hits you.
You are splashed with acid!
The scorpion misses you. The jelly closely misses you.
You see here a curare-tipped dart.
You hit the jelly. The acid corrodes you!
Your hands burn!
* * * LOW HITPOINT WARNING * * *
The jelly is heavily wounded.
The jelly completely misses you. The scorpion stings you.
* * * LOW HITPOINT WARNING * * *
You are poisoned.
The scorpion poisons you!
As you read the scroll labelled DECSU UGOGICK, it crumbles to dust.
It is a scroll of identify.
o - a potion of berserk rage The energy of discovery flows from your fingertips!
Magic courses through your body.
You feel sick. The scorpion barely misses you. The jelly hits you.
* * * LOW HITPOINT WARNING * * *
You are splashed with acid!
You die...
Your body rises from the dead as a mindless zombie.

##........##.#
##.[......##.#
*###########.# *
****####'###### *
*,,,..........# *
*,,,..........# *
*,,,..........# *
*,,,.......Js.# *
*,,,......<.@.# *
*,,,,.........# *
**,,,,......### *
*,,,,,.....# *
*,,,,,,....******** *
*,,,,,,,,,,+,,,,,,*
******,,,,,,,,,,******,***
,,,,,*,,,,,,,,,,* *,,,*
,,,,,*,,,,,,,,,,* ***,*


You could see a scorpion and a jelly.

Vanquished Creatures
  Edmund (D:5)
  A scorpion (D:5)
  A wyvern skeleton (D:5)
  Jessica (D:2)
  Ijyb (D:3)
  3 orc wizards (D:2)
  3 adders (D:2)
  A worm (D:2)
  2 dart slugs (D:1)
  2 orcs (D:2)
  7 endoplasms
  A giant cockroach (D:2)
  A goblin (D:1)
  6 hobgoblins
  3 quokkas
  3 ball pythons (D:1)
  5 bats (D:1)
  3 frilled lizards
  2 kobolds
  5 rats
52 creatures vanquished.

Vanquished Creatures (collateral kills)
  A ball python (D:2)
1 creature vanquished.

Vanquished Creatures (others)
  A bat zombie (D:2)
  A frilled lizard zombie (D:2)
  A giant cockroach zombie (D:2)
  A human zombie (D:2)
  An orc zombie (D:2)
  3 quokka zombies (D:2)
8 creatures vanquished.

Grand Total: 61 creatures vanquished

Notes
Turn   | Place    | Note
-------+----------+-------------------------------------------
     0 | D:1      | NinjaNoafa the Kobold Brigand began the quest for the Orb.
     0 | D:1      | Reached XP level 1. HP: 12/12 MP: 1/1
   182 | D:1      | Reached XP level 2. HP: 17/17 MP: 2/2
   526 | D:1      | Reached XP level 3. HP: 18/22 MP: 3/3
  1327 | D:2      | Found a faded altar of an unknown god.
  1331 | D:2      | Prayed at the altar of an unknown god.
  1331 | D:2      | Became a worshipper of Yredelemnul the Dark
  1331 | D:2      | Reached * piety under Yredelemnul
  1337 | D:2      | Noticed Jessica
  1341 | D:2      | Killed Jessica
  1342 | D:2      | Reached skill level 6 in Stealth
  1342 | D:2      | Reached XP level 4. HP: 27/27 MP: 4/4
  1365 | D:2      | Your ally Jessica died
  1459 | D:2      | Reached XP level 5. HP: 20/32 MP: 5/5
  2581 | D:2      | Reached ** piety under Yredelemnul
  2687 | D:2      | Found the +1 Delatra's gloves {ID++}
  3055 | D:3      | Noticed Ijyb
  3077 | D:3      | Killed Ijyb
  3078 | D:3      | Reached XP level 6. HP: 16/37 MP: 6/6
  3083 | D:3      | You fall into a shaft and drop 3 floors!
  3150 | D:5      | Entered Level 5 of the Dungeon
  3316 | D:5      | Noticed Edmund
  3332 | D:5      | Killed Edmund
  3333 | D:5      | Reached XP level 7. HP: 24/42 MP: 7/7
  3337 | D:5      | Splashed by a jelly's acid

Illustrated notes

Levels and vault maps discovered:
D:1:      lemuel_arrival_funnel, layout_basic, chequers_serial_rivers_micro_b,
          chequers_serial_rivers_small_b, hangedman_decor_points
D:2:      layout_loops_ring, serial_aquarium, aquarium_bridge_long_separate
          [aquarium_subvault_window, aquarium_subvault_window,
          aquarium_subvault_bridge, aquarium_subvault_bridge,
          aquarium_subvault_window, aquarium_subvault_bridge],
          aquarium_bridge_straight [aquarium_subvault_bridge,
          aquarium_subvault_window, aquarium_subvault_bridge,
          aquarium_subvault_wall], aquarium_window_double, aquarium_window_2,
          aquarium_window_fake, aquarium_view_2d, aquarium_view_2a,
          aquarium_pool_double, basic_ecumenical_altar, chequers_arboretum,
          pf_guarded_unrand_delatra, uniq_jessica
D:3:      layout_basic, minitemple, uniq_ijyb
D:5:      layout_basic, minivault_23, uniq_eustachio, uniq_edmund
D:6:      layout_cave_pods, nemelex_spade_bored_becter, uniq_prince_ribbit1

Skill      XL: |  1  2  3  4  5  6 |
---------------+-------------------+-----
Dodging        | 2 3 4 |  4.7
Short Blades   | 3 4 |  4.4
Stealth        | 6 |  6.8
Fighting       | 3 |  3.7
Throwing       | 3 |  3.6

Action                   |  1- 3 |  4- 6 |  7- 9 || total
-------------------------+-------+-------+-------++-------
Melee: Dagger            |    50 |   149 |     1 ||   200
       Punch             |       |     3 |       ||     3
Throw: Dart              |     8 |    11 |       ||    19
  Use: Potion            |       |     2 |       ||     2
       Scroll            |       |     2 |     1 ||     3
 Stab: Sleeping          |    11 |     7 |       ||    18
       Distracted        |     1 |     1 |       ||     2
Armor: Robe              |     8 |    20 |       ||    28
Dodge: Dodged            |    18 |    80 |     6 ||   104
